Map: Одиссея РВ

Players

Murena - Winner!

  • Race: Terran Terran
  • Spawn Location: 11:00

ИИ 1 (эксперт)

  • Race: Protoss Protoss
  • Spawn Location: 5:00

VOD

Have the link to the VOD?

Description

Time

  • Played on: April 16, 2019, 1:02 p.m.
  • Length: 9:12
Show
View Real Time Build Order
Export as new Build Order

Murena Terran - Winner!

Build Orders:  

Get SALT Encoding   

  12  0:01  SCV  
  13  0:13  SCV  
  14  0:19  Supply Depot  
  14  0:28  SCV  
  15  0:41  SCV  
  15  0:42  Barracks  
  16  0:47  Refinery  
  16  0:53  SCV  
  17  1:04  Barracks  
  17  1:05  SCV  
  18  1:14  Supply Depot  
  18  1:18  SCV  
  19  1:29  Marine  
  20  1:34  Orbital Command  
  20  1:50  Factory, Marine  
  20  1:53  Marine  
  22  1:59  SCV  
  23  2:05  Refinery  
  23  2:08  Marine  
  24  2:11  Marine  
  24  2:12  SCV  
  26  2:25  SCV  
  26  2:27  Marine  
  28  2:30  Marine  
  28  2:33  Factory Tech Lab  
  29  2:38  Factory  
  29  2:40  SCV  
  30  2:44  Supply Depot  
  30  2:46  Barracks Tech Lab  
  30  2:50  Barracks Tech Lab  
  30  2:54  SCV  
  31  3:06  Siege Tank  
  31  3:07  Marine  
  31  3:10  Marauder  
  37  3:18  SCV  
  38  3:20  Supply Depot  
  38  3:21  Factory Tech Lab  
  38  3:26  Marine  
  39  3:32  Combat Shield  
  39  3:34  Supply Depot  
  39  3:43  Hellion  
  39  3:44  Hellion  
  39  3:46  Marine  
  39  3:47  Marine  
  45  3:50  SCV  
  46  4:00  Supply Depot  
  46  4:05  Siege Tank  
  46  4:08  Hellion  
  51  4:12  Marauder  
  51  4:16  Marine  
  54  4:19  SCV  
  55  4:29  Engineering Bay  
  55  4:32  Siege Tank  
  58  4:44  Supply Depot  
  58  4:46  Siege Tank  
  58  4:51  Marauder  
  63  4:56  Missile Turret  
  63  5:04  Concussive Shells  
  63  5:09  Engineering Bay  
  63  5:14  Marine  
  63  5:15  Marine  
  63  5:17  Barracks  
  63  5:19  Hellion  
Show
View Real Time Build Order
Export as new Build Order

ИИ 1 (эксперт) Protoss 

Build Orders:  

Get SALT Encoding   

  12  0:00  Probe  
  13  0:13  Probe  
  14  0:20  Pylon  
  14  0:25  Probe  
  15  0:34  Probe  
  15  0:42  Probe  
  16  0:47  Assimilator  
  17  0:50  Gateway  
  17  0:52  Probe  
  18  1:00  Probe  
  18  1:01  Pylon  
  18  1:08  Probe  
  20  1:18  Probe  
  21  1:30  Probe  
  22  1:37  Cybernetics Core  
  22  1:39  Zealot  
  24  1:42  Probe  
  25  1:59  Nexus  
  25  2:10  Gateway  
  25  2:12  Zealot  
  25  2:19  Pylon  
  27  2:25  Probe  
  27  2:28  Warp Gate  
  28  2:37  Probe, Assimilator  
  28  2:44  Adept  
  31  2:49  Probe  
  32  2:52  Adept  
  34  3:00  Probe  
  34  3:02  Pylon  
  35  3:08  Probe  
  36  3:14  Adept  
  36  3:18  Sentry  
  38  3:22  Probe  
  41  3:27  Probe  
  43  3:34  Probe  
  43  3:39  Probe  
  44  3:41  Robotics Facility  
  44  3:43  Stalker  
  44  3:46  Probe  
  44  3:47  Adept  
  47  3:51  Probe  
  50  3:58  Probe  
  51  4:04  Probe  
  51  4:07  Pylon  
  52  4:10  Probe  
  52  4:16  Probe  
  54  4:21  Adept  
  54  4:22  Probe  
  57  4:25  Stalker  
  57  4:28  Probe, Immortal  
  64  4:34  Pylon, Probe  
  65  4:40  Probe  
  65  4:42  Stalker  
  68  4:46  Probe  
  68  4:49  Robotics Facility  
  68  4:52  Stalker, Probe  
  72  4:58  Immortal  
  72  5:01  Probe  
  72  5:04  Probe  
  74  5:10  Pylon  
  74  5:12  Pylon  
  78  5:25  Assimilator  
  78  5:27  Twilight Council  
  78  5:28  Probe  
  78  5:30  Probe  
  78  5:31  Gateway  
  78  5:32  Assimilator  
  80  5:44  Zealot  
  80  5:47  Pylon, Probe  
  80  5:48  Probe  
  84  5:59  Probe  
  84  6:01  Probe  
  86  6:06  Zealot  
  86  6:10  Templar Archives  
  86  6:11  Probe  
  72  6:13  Pylon  
  72  6:15  Zealot  
  61  6:25  Zealot x2  
  59  6:35  Adept  
  59  6:38  Zealot  
  58  6:41  Probe  
  58  6:45  Adept  
  59  6:53  Probe  
  56  6:55  Zealot  
  56  6:57  High Templar  
  45  7:05  Sentry, Probe  
  48  7:15  High Templar  
  48  7:20  Probe, Observer  
  46  7:27  Sentry  
  46  7:29  Zealot  
  48  7:32  Probe  
  41  7:42  Zealot  
  41  7:44  Probe  
  40  7:47  Zealot  
  40  7:49  High Templar  
  41  7:56  Probe  
  40  8:01  Zealot  
  38  8:07  Zealot  
  38  8:08  Probe  
  30  8:20  Pylon, Probe  
  30  8:21  Adept  
  30  8:23  Zealot  
  28  8:32  Probe  
  25  8:38  High Templar  
  23  8:42  Zealot  
  21  8:51  Pylon  
  19  9:02  Zealot  
Tags
 
Add a new tag
Caveats
  • Supply blocks, unpowered buildings, or Contaminate may cause inaccurate times.
  • Supply counts are checked every 10 seconds.